 Dungeon Crawl Stone Soup version 0.27.1-3-gb3d3a73c9e (webtiles) character file.

Game seed: 6121287873588831653

4195 mauzamb the Cleaver (level 10, -14/132 HPs)
             Began as a Red Draconian Berserker on Oct 7, 2021.
             Was a Believer of Trog.
             Demolished by a swamp worm (17 damage)
             ... on level 7 of the Dungeon.
             The game lasted 01:21:00 (11769 turns).

mauzamb the Cleaver (Red Draconian Berserker)      Turns: 11769, Time: 01:21:00

Health: -14/132    AC:  7    Str: 22    XL:     10   Next: 8%
Magic:  10/10      EV: 14    Int:  8    God:    Trog [**....]
Gold:   387        SH:  0    Dex: 11    Spells: 9/9 levels left

rFire    + . .     SeeInvis .   q - +2 hand axe
rCold    . . .     Faith    .   (no shield)
rNeg     . . .     Spirit   .   (armour unavailable)
rPois    +         Reflect  .   (helmet restricted)
rElec    .         Harm     .   (no cloak)
rCorr    .         Rampage  .   (no gloves)
Will     ++...                  (no boots)
Stlth    ..........             (no amulet)
HPRegen  1.32/turn              m - ring of poison resistance
MPRegen  0.12/turn              (no ring)

@: berserking, short of breath, strong-willed, regenerating, slow
A: breathe fire, AC +7, unfitting armour, fire resistance 1, cold-blooded
a: Breathe Fire, Renounce Religion, Berserk, Trog's Hand


You were on level 7 of the Dungeon.
You worshipped Trog.
Trog was pleased with you.
You visited 1 branch of the dungeon, and saw 7 of its levels.

You collected 387 gold pieces.

Inventory:

Hand Weapons
 a - a +0 hand axe
 f - a +1 whip of freezing
 i - a +1 scythe of flaming
 j - a +2 short sword of flaming
 q - a +2 hand axe (weapon)
 x - a +5 mace of holy wrath
 B - a +3 morningstar of flaming
Missiles
 y - 3 throwing nets
Jewellery
 g - a ring of wizardry
 m - a ring of poison resistance (left hand)
Wands
 e - a wand of paralysis (4) (quivered)
 k - a wand of polymorph (12)
 o - a wand of iceblast (5)
Scrolls
 c - a scroll of enchant armour
 d - a scroll of fog
 n - 2 scrolls of amnesia
 r - a scroll of summoning {unknown}
 t - 3 scrolls of noise
 u - a scroll of teleportation {unknown}
 v - a scroll of magic mapping {unknown}
 z - a scroll of brand weapon {unknown}
Potions
 b - 2 potions of berserk rage
 h - 2 potions of curing
 l - a potion of mutation
 p - 2 potions of ambrosia
 s - a potion of magic
 w - a potion of lignification {unknown}
 A - a potion of cancellation {unknown}


   Skills:
 * Level 8.2 Fighting
 - Level 0.1 Short Blades
 * Level 11.0 Axes
 * Level 7.2 Dodging


You had 9 spell levels left.
You didn't know any spells.
Your spell library contained the following spells:

 Spells                   Type           Power      Damage    Failure   Level
 Animate Skeleton         Necr           0%         N/A       41%         1
 Pain                     Necr           0%         1d4       41%         1
 Vampiric Draining        Necr           0%         2d6       78%         3


Dungeon Overview and Level Annotations

Branches:
Dungeon (7/15)             Temple (0/1) D:7

Altars:
Elyvilon
Fedhas
Gozag
Makhleb
Nemelex Xobeh
Okawaru
Ru
Sif Muna
Wu Jian
Xom

Shops:
D:1 =   D:4 ([*(   D:7 *


Innate Abilities, Weirdness & Mutations

You can breathe blasts of fire.
Your fiery red scales are hard. (AC +7)
You cannot fit into any form of body armour.
Your flesh is heat resistant. (rF+)
You are cold-blooded and may be slowed by cold attacks.


Message History

You are yanked forward by the harpoon shot.
Splash!
The swamp worm bites you.
Found a glowing giant spiked club.
Press: ? - help, Shift-Dir - straight line, f - swamp worm
Aim: a swamp worm You breathe a blast of fire.
The fiery breath misses the swamp worm.
The swamp worm bites you! x2
Your skin crawls.
You feel strong-willed.
The swamp worm is engulfed in a cloud of scalding steam.
The swamp worm closely misses you. The swamp worm bites you.
A red film seems to cover your vision as you go berserk!
You feel yourself moving faster!
You feel mighty!
The swamp worm is engulfed in a cloud of scalding steam.
The swamp worm bites you! The swamp worm closely misses you.
Your unstable footing causes you to fumble your attack.
The swamp worm bites you!
The swamp worm bites you but does no damage.
You slash the swamp worm! You tail-slap the swamp worm!
The swamp worm is severely wounded.
You hit the swamp worm.
Your unstable footing causes you to fumble your attack.
The swamp worm is engulfed in a cloud of scalding steam.
The swamp worm bites you!
* * * LOW HITPOINT WARNING * * *
The swamp worm bites you!
* * * LOW HITPOINT WARNING * * *
The swamp worm fires a harpoon shot at you.
The harpoon shot hits you!!
* * * LOW HITPOINT WARNING * * *
You are yanked forward by the harpoon shot.
Splash!
The swamp worm is engulfed in a cloud of scalding steam.
The swamp worm closely misses you.
You closely miss the swamp worm.
The swamp worm is almost dead.
You barely miss the swamp worm. The swamp worm barely misses you.
The swamp worm bites you!
You die...

#.#...♣ #....♣. #######
#...♣.♣ #####≈≈≈≈≈##
#..♣.♣. ##...≈≈≈≈≈≈≈###
#.♣.♣._
#..≈≈≈≈###≈≈≈≈#####..♣.♣.
#.≈≈≈###≈###≈≈≈#......♣.♣
#.≈≈≈#≈≈≈$≈##≈≈........♣.
#.≈≈≈≈≈≈@w≈≈#≈≈.....#...♣
#.≈≈≈#≈≈≈w≈##≈≈..........
#.≈≈≈###≈###≈≈≈..∩.......
#.#≈≈≈≈###≈≈≈≈...........
#.##.≈≈≈≈≈≈≈.............
#.....≈≈≈≈≈..............
###...#...................
#............###..........
###..........####.........


You could see 2 swamp worms.

Vanquished Creatures
  Harold (D:7)
  Pikel (D:7)
  Maggie (D:7)
  Sigmund (D:2)
  Menkaure (D:6)
  A steam dragon (D:6)
  A swamp worm (D:7)
  2 water moccasins
  2 sky beasts
  2 ogres (D:5)
  4 centaurs
  2 phantoms (D:6)
  A lemure (D:7)
  A bullfrog (D:4)
  2 scorpions
  2 wyvern zombies (D:7)
  2 water moccasin zombies (D:6)
  A water moccasin skeleton (D:6)
  2 bullfrog zombies (D:7)
  3 centaur zombies
  5 hounds
  A centaur skeleton (D:5)
  Jessica (D:2)
  2 iguanas
  4 orc wizards
  2 killer bee zombies (D:7)
  A howler monkey zombie (D:7)
  Robin (D:3)
  8 adders
  2 howler monkey skeletons
  A shadow imp (D:6)
  A white imp (D:7)
  An ufetubus (D:4)
  An adder skeleton (D:4)
  2 worms
  25 orcs
  3 bats
  5 endoplasms
  2 giant cockroaches
  14 goblins
  11 hobgoblins
  2 jackals (D:1)
  4 kobolds
  3 quokkas
  2 ball pythons
  3 frilled lizards (D:3)
  2 rats
142 creatures vanquished.

Vanquished Creatures (others)
  9 plants (D:7)
  4 toadstools (D:3)
13 creatures vanquished.

Grand Total: 155 creatures vanquished

Notes
Turn   | Place    | Note
-------+----------+-------------------------------------------
     0 | D:1      | mauzamb the Draconian Berserker began the quest for the
                  | Orb.
     0 | D:1      | Reached XP level 1. HP: 19/19 MP: 1/1
    12 | D:1      | You fall into a shaft and drop 1 floor!
   407 | D:1      | Found Qooff's Jewellery Shoppe.
   616 | D:1      | Found a faded altar of an unknown god.
   648 | D:1      | Reached XP level 2. HP: 26/26 MP: 2/2
  2020 | D:2      | Reached XP level 3. HP: 33/33 MP: 3/3
  2309 | D:2      | Noticed Sigmund
  2322 | D:2      | Killed Sigmund
  2323 | D:2      | Reached skill level 4 in Axes
  2323 | D:2      | Reached XP level 4. HP: 29/41 MP: 4/4
  2323 | D:2      | Reached XP level 5. HP: 33/47 MP: 5/5
  2511 | D:2      | Noticed Jessica
  2519 | D:2      | Killed Jessica
  3001 | D:3      | Noticed a centaur
  3101 | D:3      | Noticed Robin
  3110 | D:3      | Reached ** piety under Trog
  3135 | D:3      | Killed Robin
  3146 | D:3      | Reached XP level 6. HP: 32/55 MP: 6/6
  3452 | D:3      | Reached skill level 5 in Axes
  3535 | D:3      | Reached skill level 5 in Fighting
  5036 | D:4      | Found Peatomp's Armour Shop.
  5362 | D:4      | Found a white marble altar of Elyvilon.
  5368 | D:4      | Found a sparkling altar of Nemelex Xobeh.
  5385 | D:4      | Noticed a water moccasin
  5400 | D:4      | Killed a water moccasin
  5401 | D:4      | Reached skill level 6 in Axes
  5401 | D:4      | Your scales start taking on a fiery red colour.
  5401 | D:4      | Reached XP level 7. HP: 30/61 MP: 7/7
  5401 | D:4      | Gained mutation: Your flesh is heat resistant. (rF+) [Red
                  | Draconian growth]
  5648 | D:4      | Found Rerorchou's Weapon Shoppe.
  5805 | D:4      | Found Cawaan's Assorted Antiques.
  5994 | D:4      | Found Yqor Luuxzue's Antique Weapon Shoppe.
  6706 | D:5      | Entered Level 5 of the Dungeon
  6831 | D:5      | Found a sacrificial altar of Ru.
  6886 | D:5      | Reached skill level 7 in Axes
  7243 | D:5      | Reached *** piety under Trog
  7245 | D:5      | Reached XP level 8. HP: 70/70 MP: 8/8
  7532 | D:5      | Reached skill level 5 in Dodging
  8219 | D:6      | Reached skill level 8 in Axes
  8412 | D:6      | Found an opulent altar of Gozag.
  8421 | D:6      | Found a blossoming altar of Fedhas.
  8423 | D:6      | Found a shimmering altar of Xom.
  8423 | D:6      | Found a burning altar of Makhleb.
  8424 | D:6      | Found a shimmering blue altar of Sif Muna.
  9260 | D:6      | Reached skill level 9 in Axes
  9538 | D:6      | Noticed Menkaure
  9561 | D:6      | Killed Menkaure
  9562 | D:6      | Reached XP level 9. HP: 78/78 MP: 9/9
 10204 | D:7      | Noticed Pikel
 10212 | D:7      | Killed Pikel
 10223 | D:7      | Reached skill level 10 in Axes
 10540 | D:7      | Noticed Harold
 10545 | D:7      | Found a staircase to the Ecumenical Temple.
 10553 | D:7      | Killed Harold
 11103 | D:7      | Found Hutiso's Assorted Antiques.
 11218 | D:7      | Found an iron altar of Okawaru.
 11236 | D:7      | Noticed Maggie
 11249 | D:7      | Killed Maggie
 11250 | D:7      | Reached skill level 11 in Axes
 11250 | D:7      | Reached XP level 10. HP: 88/88 MP: 10/10
 11515 | D:7      | Found an ornate altar of the Wu Jian Council.
 11768 | D:7      | HP: 2/132 [swamp worm/harpoon shot (18)]
 11769 | D:7      | Demolished by a swamp worm

Illustrated notes

Levels and vault maps discovered:
D:1:      lightli_arrival_chessboard, layout_basic, serial_shops,
          nicolae_shop_trees, hellmonk_ecumenical_altar_lost_god
D:2:      layout_basic, uniq_sigmund, uniq_jessica
D:3:      layout_basic, minmay_gold_behind_fungi, lemuel_another_geyser,
          uniq_robin
D:4:      layout_basic, minitemple, serial_curves, eino_curves_04,
          eino_curves_04, serial_shops, nicolae_shop_crystal,
          nicolae_shop_temple_entry_statues_fountains, shop,
          nicolae_shop_waterfront
D:5:      layout_cave_pods, kennysheep_mini_moat
D:6:      minmay_diamond_boxcup, layout_basic, grunt_temple_overflow_open,
          kennysheep_generic_room_10, uniq_menkaure
D:7:      layout_cave_pools, nicolae_yredelemnul_corpse_copse,
          nicolae_overflow_crystal_walls, okawaru_trees_2,
          minmay_temple_entry_gardened_gates, serial_shops, shop, worms_lemuel,
          uniq_pikel, uniq_harold, uniq_maggie

Skill      XL: |  1  2  3  4  5  6  7  8  9 |
---------------+----------------------------+-----
Dodging        | 3 4 6 7 |  7.2
Fighting       | 4 5 6 8 |  8.2
Axes           | 4 6 7 9 11 | 11.0
Short Blades   | |  0.1

Action                   |  1- 3 |  4- 6 |  7- 9 | 10-12 || total
-------------------------+-------+-------+-------+-------++-------
Melee: Hand axe          |    71 |   122 |   336 |    16 ||   545
       Tailslap          |     8 |    16 |    50 |     3 ||    77
       Short sword       |    18 |       |       |       ||    18
Invok: Berserk           |     4 |     6 |    13 |     2 ||    25
       Trog's Hand       |       |     1 |     7 |     1 ||     9
 Abil: Breathe Fire      |       |       |     8 |     2 ||    10
Evoke: Wand              |       |       |     1 |       ||     1
  Use: Scroll            |     4 |     1 |     6 |     2 ||    13
       Potion            |       |       |     4 |       ||     4
 Stab: Sleeping          |       |     1 |       |       ||     1
       Paralysed         |       |       |     8 |       ||     8
Armor: Skin              |    23 |    32 |   110 |     5 ||   170
Dodge: Dodged            |    57 |    88 |   266 |     8 ||   419
